 Dungeon Crawl Stone Soup version 0.25-a0-404-gc1b5a34292 (webtiles) character file.

Game seed: 15469514049274164764, levelgen mode: deterministic

357 Flugkiller the Magician (level 6, -1/34 HPs)
             Began as a Deep Elf Warper on Jan 11, 2020.
             Was a Plaything of Xom.
             Slain by a +0 short sword (17 damage)
             ... animated by Xom
             ... on level 4 of the Dungeon.
             The game lasted 00:07:47 (4013 turns).

Flugkiller the Magician (Deep Elf Warper)           Turns: 4013, Time: 00:07:47

Health: -1/34      AC:  6    Str:  8    XL:     6   Next: 37%
Magic:  1/17       EV: 12    Int: 20    God:    Xom [....*.]
Gold:   77         SH:  0    Dex: 14    Spells: 10/17 levels left

rFire    . . .     SeeInvis .   x - +2 trident (chaos)
rCold    . . .     Gourm    .   (no shield)
rNeg     + . .     Faith    .   b - +0 leather armour
rPois    .         Spirit   .   h - +0 helmet
rElec    .         Reflect  .   (no cloak)
rCorr    +         Harm     .   j - +2 pair of gloves
MR       .....                  l - +0 pair of boots
Stlth    ++........             i - amulet of regeneration
HPRegen  0.51/turn              c - ring of resist corrosion
MPRegen  0.15/turn              v - ring of positive energy

@: no status effects
A: deformed body
a: Renounce Religion


You were on level 4 of the Dungeon.
You worshipped Xom.
You were a beloved toy of Xom.
You were not hungry.

You visited 1 branch of the dungeon, and saw 4 of its levels.
You also visited: Sewer.

You collected 77 gold pieces.

Inventory:

Hand Weapons
 a - a +0 short sword
 x - a +2 trident of chaos (weapon)
   (Xom gifted it to you on level 3 of the Dungeon)
Missiles
 e - 2 boomerangs of dispersal (quivered)
 p - a javelin
Armour
 b - a +0 leather armour (worn)
 h - a +0 helmet (worn)
   (You took it off Robin on level 2 of the Dungeon)
 j - a +2 pair of gloves (worn)
   (You found it on level 1 of the Dungeon)
 l - a +0 pair of boots (worn)
   (You found it on level 2 of the Dungeon)
 A - a +0 buckler
   (You found it on level 3 of the Dungeon)
Magical Staves
 r - an uncursed staff of cold
   (Xom gifted it to you on level 2 of the Dungeon)
Jewellery
 c - a ring of resist corrosion (left hand)
   (You found it on level 1 of the Dungeon)
 i - an amulet of regeneration (around neck)
   (You found it on level 1 of the Dungeon)
 v - a ring of positive energy (right hand)
   (You found it on level 3 of the Dungeon)
Wands
 g - a wand of iceblast (13)
   (You found it on level 2 of the Dungeon)
Scrolls
 d - a scroll of blinking
 m - a scroll of immolation
 n - 4 scrolls of teleportation
 o - 3 scrolls of enchant weapon {unknown}
 w - 3 scrolls of remove curse
 y - a scroll of fog {unknown}
Potions
 k - a potion of mutation {unknown}
 s - 2 potions of flight
 t - 2 potions of curing
 u - 2 potions of haste {unknown}
 z - a potion of brilliance {unknown}
Comestibles
 f - 3 rations
 q - 5 chunks of flesh


   Skills:
 - Level 1.5 Fighting
 - Level 2.0 Short Blades
 - Level 1.0 Throwing
 - Level 0.7 Armour
 - Level 2.4 Dodging
 - Level 3.0 Stealth
 + Level 6.3 Spellcasting
 + Level 5.7 Translocations


You had 10 spell levels left.
You knew the following spells:

 Your Spells              Type           Power        Failure   Level  Hunger
a - Gell's Gravitas       Tloc           ####......   4%          3    ##.....
b - Shroud of Golubria    Chrm/Tloc      ###...       7%          2    None
r - Blink                 Tloc           N/A          1%          2    None

Your spell library contained the following spells:

 Spells                   Type           Power        Failure   Level  Hunger
 Lesser Beckoning         Tloc           ####......   4%          3    ##.....
 Teleport Other           Tloc           ####....     4%          3    ##.....
 Passage of Golubria      Tloc           N/A          14%         4    ####...


Dungeon Overview and Level Annotations

Branches:
Dungeon (4/15)              Sewer (visited)
 Temple: D:4-7

Altars:
Ashenzari
Makhleb
Ru
Xom

Annotations:
D:2 Sigmund


Innate Abilities, Weirdness & Mutations

Armour fits poorly on your strangely shaped body.


Message History

The +0 short sword hits you but does no damage.
Casting: Gell's Gravitas (safe; 4% risk of failure)
Confirm with . or Enter, or press ? or * to list all spells.
Aiming: Gell's Gravitas (safe; 4% risk of failure)
Press: ? - help, Dir - move target cursor, f/p - orc wizard
Aim: an orc wizard, wielding a +0 dagger and wearing a +0 robe (moderately wounded)
Okay, then.
Casting: Gell's Gravitas (safe; 4% risk of failure)
Confirm with . or Enter, or press ? or * to list all spells.
You blink.
The +0 short sword misses you. The worker ant misses you.
An ogre comes into view. It is wielding a +0 giant spiked club.
Unknown command.
Deactivating autopickup; reactivate with Ctrl-A.
Something tries to affect you, but you resist.
The +0 short sword hits you.
The orc wizard gestures wildly while chanting.
The orc wizard seems to speed up.
Casting: Blink (safe; 2% risk of failure)
Confirm with . or Enter, or press ? or * to list all spells.
Aiming: Gell's Gravitas (safe; 4% risk of failure)
Press: ? - help, Dir - move target cursor, f - +0 short sword
Aim: a +0 short sword Gravity reorients around the +0 short sword.
The worker ant collides with the +0 short sword!
The orc wizard collides with the worker ant!
The +0 short sword hits you. The +0 short sword closely misses you.
Casting: Gell's Gravitas (safe; 4% risk of failure)
Confirm with . or Enter, or press ? or * to list all spells.
Aiming: Gell's Gravitas (safe; 4% risk of failure)
Press: ? - help, Dir - move target cursor, f - worker ant, p - +0 short sword
Aim: a worker ant (severely wounded) Gravity reorients around the worker ant.
The orc wizard collides with the worker ant!
You kill the worker ant!
The +0 short sword collides with the orc wizard!
The +0 short sword hits you!
* * * LOW HITPOINT WARNING * * *
Casting: Gell's Gravitas (safe; 4% risk of failure)
Confirm with . or Enter, or press ? or * to list all spells.
Aiming: Gell's Gravitas (safe; 4% risk of failure)
Press: ? - help, Dir - move target cursor, f - +0 short sword
Aim: a +0 short sword Gravity reorients around the +0 short sword.
The orc wizard collides with the +0 short sword!
You kill the orc wizard!
Something collides with the orc wizard!
The orc wizard collides with the +0 short sword!
The +0 short sword hits you!
Ouch! That really hurt!
You die...

.. ##. .
...
.O###.####
.........#
......#<.#
#%#....)o#
######(#
#@# #.#
#.# #..
###


You could see a +0 short sword and an orc wizard.

Vanquished Creatures
  A big kobold (Sewer)
  An orc wizard (D:4)
  Jessica (D:3)
  A worker ant (D:4)
  Robin (D:2)
  6 adders
  A river rat (Sewer)
  A dart slug (D:2)
  A leopard gecko (D:2)
  4 bats
  6 giant cockroaches
  10 goblins
  13 hobgoblins
  4 jackals
  4 quokkas
  2 frilled lizards (D:1)
  9 kobolds
  9 rats
75 creatures vanquished.

Vanquished Creatures (collateral kills)
  A sky beast (D:3)
  An orc (D:4)
2 creatures vanquished.

Grand Total: 77 creatures vanquished

Notes
Turn   | Place    | Note
-------+----------+-------------------------------------------
     0 | D:1      | Flugkiller the Deep Elf Warper began the quest for the Orb.
     0 | D:1      | Reached XP level 1. HP: 12/12 MP: 6/6
    32 | D:1      | Reached skill level 1 in Stealth
   534 | D:1      | Reached XP level 2. HP: 13/16 MP: 8/8
   538 | D:1      | Learned a level 2 spell: Blink
   541 | D:1      | Learned a level 2 spell: Shroud of Golubria
  1149 | D:2      | Found a shattered altar of Ashenzari.
  1468 | D:2      | Noticed Sigmund
  1635 | D:2      | Found a sacrificial altar of Ru.
  1635 | D:2      | Found a shimmering altar of Xom.
  1642 | D:2      | Became a worshipper of Xom of Chaos
  1922 | D:2      | Reached XP level 3. HP: 17/20 MP: 6/9
  1928 | D:2      | Noticed Robin
  1941 | D:1      | XOM: potion effect (heal wounds)
  1964 | D:1      | Learned a level 3 spell: Gell's Gravitas
  2267 | D:2      | Killed Robin
  2429 | D:2      | XOM: god gift: short smoking staff {god gift}
  2638 | D:2      | Reached skill level 4 in Spellcasting
  2663 | D:3      | XOM: confuse monster(s)
  2670 | D:3      | Reached XP level 4. HP: 25/25 MP: 10/12
  2702 | D:3      | Found a burning altar of Makhleb.
  2704 | D:3      | Noticed a balrug
  2801 | D:3      | Found a glowing drain.
  2831 | D:3      | XOM: snakes to sticks
  2882 | Sewer    | Entered a sewer
  3084 | Sewer    | Noticed a big kobold
  3084 | Sewer    | XOM: 5-stop teleportation journey
  3093 | Sewer    | XOM: harmless Air miscast
  3104 | Sewer    | XOM: swap monsters
  3115 | Sewer    | XOM: confuse monster(s)
  3124 | Sewer    | Killed a big kobold
  3124 | Sewer    | Reached skill level 5 in Spellcasting
  3124 | Sewer    | Reached XP level 5. HP: 29/29 MP: 12/14
  3155 | Sewer    | Found a white marble altar of Elyvilon.
  3265 | D:3      | XOM: silly message
  3411 | D:3      | Reached skill level 5 in Translocations
  3435 | D:3      | Noticed a sky beast
  3480 | D:3      | XOM: summons 1 hostile shadow creature
  3484 | D:3      | XOM: god gift: runed trident {god gift}
  3497 | D:3      | XOM: noise
  3546 | D:3      | XOM: summons 4 friendly demons
  3550 | D:3      | Killed a sky beast
  3550 | D:3      | Reached XP level 6. HP: 31/34 MP: 13/16
  3646 | D:3      | XOM is BORED!
  3646 | D:3      | XOM: give mutation
  3646 | D:3      | Gained mutation: Armour fits poorly on your strangely
                  | shaped body. [Xom's mischief]
  3818 | D:3      | Reached skill level 6 in Spellcasting
  3867 | D:3      | Noticed Jessica
  3871 | D:3      | XOM: potion effect (agility)
  3879 | D:3      | Killed Jessica
  4013 | D:4      | Slain by a +0 short sword

Levels and vault maps discovered:
D:1:      roderic_chinese_lattice_arrival, layout_basic, minmay_misc_feat_tiny
D:2:      layout_loops_cross, old_standard_altar,
          gammafunk_temple_overflow_statue, uniq_sigmund, uniq_robin
D:3:      layout_basic, makhleb_altar_promises_db, gup_sewer_entry_glass,
          kennysheep_jessica_study
D:4:      layout_basic, kennysheep_okawaru_gauntlet, kennysheep_little_box,
          ebering_ghost_disaster_area, lemuel_flame_loot_1

Skill      XL: |  1  2  3  4  5  6 |
---------------+-------------------+-----
Stealth        | 2 3 |  3.0
Spellcasting   | 4 5 6 |  6.3
Translocations | 4 5 |  5.7
Fighting       | |  1.5
Short Blades   | |  2.0
Throwing       | |  1.0
Armour         | |  0.7
Dodging        | |  2.4

Action                   |  1- 3 |  4- 6 || total
-------------------------+-------+-------++-------
Melee: Short sword       |   159 |   137 ||   296
       Trident           |       |    20 ||    20
Throw: Boomerang         |       |     3 ||     3
 Cast: Shroud of Golubri |    15 |     9 ||    24
       Blink             |     1 |     2 ||     3
       Gell's Gravitas   |     2 |    12 ||    14
Evoke: Wand              |       |     1 ||     1
  Use: Potion            |     1 |       ||     1
       Scroll            |     4 |     3 ||     7
 Stab: Sleeping          |     1 |     1 ||     2
       Confused          |     2 |     1 ||     3
       Distracted        |     1 |       ||     1
  Eat: Chunk             |     6 |     6 ||    12
Armor: Leather armour    |    36 |    96 ||   132
Dodge: Dodged            |    98 |   109 ||   207

Table legend:
 A = Non-vault XP
 B = Vault XP
 C = Vault XP percentage of total XP
 D = Non-vault monster count
 E = Vault monster count
 F = Vault count percentage of total count
                 A         B        C        D         E       F
            +---------+---------+-------+---------+---------+-------
      Total |     298 |     213 |  41.7 |      51 |      26 |  33.8
            +---------+---------+-------+---------+---------+-------
        D:1 |      26 |       0 |   0.0 |      16 |       0 |   0.0
        D:2 |      33 |      33 |  50.0 |      11 |      11 |  50.0
        D:3 |     171 |      56 |  24.7 |      21 |       5 |  19.2
        D:4 |      68 |       0 |   0.0 |       3 |       0 |   0.0
      Sewer |       0 |     124 | 100.0 |       0 |      10 | 100.0
            +---------+---------+-------+---------+---------+-------
